[Event "Titled Tuesday Blitz August 1 Early 2023"]
[White "Cnejev, Vladimir-Alexandru"]
[Black "Basso, Pier Luigi"]
[WhiteFideId "1260898"]
[BlackFideId "866970"]
[WhiteElo "2567"]
[BlackElo "2782"]
[Result "1/2-1/2"]
[Round "4"]
[TimeControl "180+1"]
[Date "2023.08.01"]
[WhiteClock "0:00:05"]
[BlackClock "0:01:36"]
[Board "56"]

1. e4 c6 2. d4 d5 3. exd5 cxd5 4. Bd3 Nc6 5. c3 Nf6 6. Bf4 Bg4 7. Qb3 Qb6 8. Nd2 e6 9. Ngf3 Be7 10. Ne5 Bh5 11. O-O Bg6 12. Nxg6 hxg6 13. Nf3 Nh5 14. Qxb6 axb6 15. Bc7 Bd8 16. Bxd8 Kxd8 17. g3 Nf6 18. a4 Ne8 19. Ne5 Nd6 20. b4 Ke7 21. Nxc6+ bxc6 22. a5 bxa5 23. bxa5 Rhb8 24. Ra3 Kd7 25. Rfa1 Kc7 26. Kf1 Rb2 27. R1a2 Rxa2 28. Rxa2 Rb8 29. Ke2 Rb3 30. Kd2 Kb8 31. Kc2 Rb7 32. h4 Ka7 33. Rb2 Nb5 34. Bxb5 cxb5 35. Kb3 Ka6 36. Kb4 Rc7 37. Ra2 Rc4+ 38. Kb3 Rc8 39. f4 Rc7 40. Kb4 Rc4+ 41. Kb3 Kb7 42. Re2 Ra4 43. g4 Rxa5 44. f5 gxf5 45. gxf5 Ra6 46. Rg2 exf5 47. Rxg7 Rf6 48. h5 Kc6 49. Kb4 f4 50. h6 Rxh6 51. Rxf7 Rh4 52. Rf6+ Kd7 53. Kxb5 Ke7 54. Rf5 Ke6 55. Re5+ Kd6 56. Rf5 Ke6 57. Re5+ Kf6 58. Rxd5 f3 59. Rd8 Rh7 60. Rf8+ Rf7 61. Ra8 Ke6 62. Ra1 Kd5 63. Rf1 f2 64. Kb4 Ke4 65. Kc5 Rf5+ 66. Kd6 Rf6+ 67. Ke7 Rf3 68. Ke6 Kd3 69. d5 Re3+ 70. Kf7 Ke2 71. Rxf2+ Kxf2 72. d6 Rf3+ 73. Ke6 Re3+ 74. Kf7 Rxc3 75. d7 Rf3+ 76. Ke7 Re3+ 77. Kf7 Rd3 78. Ke7 Ke3 79. d8=Q Rxd8 80. Kxd8 1/2-1/2


[Site "https://www.chess.com"]

[Event "Titled Tuesday Blitz August 1 Early 2023"]
[White "Kuzmin, Roman"]
[Black "Dziththauly Ramadhan"]
[WhiteFideId "44134932"]
[BlackFideId "7105525"]
[WhiteElo "2564"]
[BlackElo "2776"]
[Result "1-0"]
[Round "4"]
[TimeControl "180+1"]
[Date "2023.08.01"]
[WhiteClock "0:00:12"]
[BlackClock "0:01:16"]
[Board "57"]

1. e4 c5 2. Nf3 d6 3. d4 cxd4 4. Nxd4 Nf6 5. Nc3 a6 6. Be2 e5 7. Nb3 Be7 8. Be3 Be6 9. O-O Nbd7 10. a4 O-O 11. a5 Qc7 12. Qd2 Rac8 13. Bf3 Rfd8 14. Rfd1 Nc5 15. Nxc5 dxc5 16. Qe1 h6 17. Na4 Rxd1 18. Rxd1 Bd7 19. Nb6 Rd8 20. c4 Bc6 21. Nd5 Bxd5 22. cxd5 b6 23. Ra1 Rb8 24. Bd2 b5 25. Rc1 Nd7 26. Be2 c4 27. b3 Nc5 28. bxc4 b4 29. Bxb4 Nb3 30. Bxe7 Nxc1 31. Qxc1 Qxe7 32. c5 Rc8 33. c6 Qb4 34. Bxa6 Rc7 35. g3 Kf8 36. Qc4 Qxc4 37. Bxc4 Ke7 38. Ba6 Kd6 39. Bb7 Kc5 40. a6 Kb6 41. d6 Rxc6 42. Bxc6 Kxc6 43. a7 1-0


[Site "https://www.chess.com"]

[Event "Titled Tuesday Blitz August 1 Early 2023"]
[White "Wagh Suyog"]
[Black "NovozhilovSemen"]
[WhiteFideId "25071688"]
[WhiteElo "2773"]
[BlackElo "2558"]
[Result "1-0"]
[Round "4"]
[TimeControl "180+1"]
[Date "2023.08.01"]
[WhiteClock "0:00:04"]
[BlackClock "0:00:07"]
[Board "58"]

1. d4 Nf6 2. c4 e6 3. Nf3 d5 4. g3 dxc4 5. Bg2 Nc6 6. O-O Rb8 7. Qc2 Nxd4 8. Nxd4 Qxd4 9. Rd1 Qb6 10. Nd2 Bc5 11. Nxc4 Bxf2+ 12. Kf1 Qc5 13. b4 Qh5 14. Kxf2 Ng4+ 15. Kf1 Qxh2 16. Bf4 O-O 17. Qc3 b6 18. Ne5 Bb7 19. Nf3 Qh5 20. Qxc7 e5 21. Bd2 e4 22. Nh4 Rfc8 23. Qf4 Re8 24. Qg5 Qxg5 25. Bxg5 f6 26. Bf4 Rbd8 27. Nf5 g5 28. Bc7 Rc8 29. Rd7 Bc6 30. Rg7+ Kh8 31. Rf7 Bd5 32. Nd6 Bxf7 33. Nxf7+ Kg7 34. Nd6 Re7 35. Nxc8 Rxc7 36. Nd6 e3 37. Bf3 Ne5 38. Nf5+ Kg6 39. Nxe3 f5 40. Rd1 Rc3 41. Rd6+ Kf7 42. Nd5 Ra3 43. Rf6+ Kg7 44. Rxf5 Nxf3 45. Rxf3 Rxa2 46. e4 a5 47. bxa5 bxa5 48. e5 Rd2 49. Nc3 Rd8 50. e6 Re8 51. Re3 Kf6 52. Nd5+ Kf5 53. e7 a4 54. Nc7 1-0


[Site "https://www.chess.com"]

[Event "Titled Tuesday Blitz August 1 Early 2023"]
[White "To, Nhat Minh"]
[Black "Lamaze, Simon"]
[WhiteFideId "729019"]
[BlackFideId "36069264"]
[WhiteElo "2557"]
[BlackElo "2770"]
[Result "0-1"]
[Round "4"]
[TimeControl "180+1"]
[Date "2023.08.01"]
[WhiteClock "0:01:38"]
[BlackClock "0:01:43"]
[Board "59"]

1. e4 c6 2. d4 d5 3. f3 e6 4. Nc3 Bb4 5. Be3 Ne7 6. Ne2 Nd7 7. a3 Ba5 8. Qd3 O-O 9. b4 Bc7 10. g3 a5 11. Rb1 axb4 12. axb4 e5 13. exd5 cxd5 14. Bg2 exd4 15. Bxd4 Ne5 16. Bxe5 Bxe5 17. O-O Bf5 18. Qd2 Rc8 19. f4 Bf6 20. Nd4 Rxc3 21. Qxc3 Qb6 22. Rfd1 Nc6 0-1


[Site "https://www.chess.com"]

[Event "Titled Tuesday Blitz August 1 Early 2023"]
[White "Postlmayer, Jakob"]
[Black "Gorovets, Andrey"]
[WhiteFideId "1643622"]
[BlackFideId "13504037"]
[WhiteElo "2556"]
[BlackElo "2761"]
[Result "0-1"]
[Round "4"]
[TimeControl "180+1"]
[Date "2023.08.01"]
[WhiteClock "0:01:55"]
[BlackClock "0:01:34"]
[Board "60"]

1. d4 Nf6 2. c4 e6 3. Nf3 b6 4. a3 d5 5. cxd5 exd5 6. Nc3 Bb7 7. Bg5 Nbd7 8. e3 Be7 9. Bd3 O-O 10. O-O Ne4 11. Bxe7 Qxe7 12. Rc1 a6 13. Qc2 Rac8 14. Nd2 f5 15. Rce1 c5 16. dxc5 Ndxc5 17. f3 Nxc3 18. Qxc3 Ne4 19. Qxc8 Bxc8 20. fxe4 fxe4 21. Bxa6 Bxa6 0-1


[Site "https://www.chess.com"]

[Event "Titled Tuesday Blitz August 1 Early 2023"]
[White "Kobo, Ori"]
[Black "Castaneda, Jhon David"]
[WhiteFideId "2812320"]
[BlackFideId "4405048"]
[WhiteElo "2751"]
[BlackElo "2555"]
[Result "1-0"]
[Round "4"]
[TimeControl "180+1"]
[Date "2023.08.01"]
[WhiteClock "0:01:55"]
[BlackClock "0:00:00"]
[Board "61"]

1. c4 e6 2. g3 d5 3. Bg2 Nf6 4. Nf3 Be7 5. O-O O-O 6. d4 dxc4 7. Nc3 Nc6 8. e4 Rb8 9. Qe2 Na5 10. Rd1 Re8 11. Bf4 Nh5 12. Be3 Nf6 13. Ne5 Qd6 14. Nxf7 Kxf7 15. e5 Qa6 16. exf6 Bxf6 17. Qh5+ Kf8 18. Qxh7 Bd7 19. d5 e5 20. Ne4 Be7 21. Bf3 Red8 22. Bh5 1-0


[Site "https://www.chess.com"]

[Event "Titled Tuesday Blitz August 1 Early 2023"]
[White "Starozhilov, Leonid"]
[Black "Porter, Ryan W"]
[WhiteFideId "14106752"]
[BlackFideId "2011239"]
[WhiteElo "2747"]
[BlackElo "2555"]
[Result "1-0"]
[Round "4"]
[TimeControl "180+1"]
[Date "2023.08.01"]
[WhiteClock "0:00:03"]
[BlackClock "0:00:00"]
[Board "62"]

1. e4 d5 2. Nc3 d4 3. Nce2 e5 4. Nf3 f6 5. Ng3 Be6 6. Bb5+ c6 7. Ba4 Nd7 8. Bb3 Nc5 9. Bxe6 Nxe6 10. d3 Qd7 11. Bd2 O-O-O 12. a4 g6 13. b4 h5 14. Nh4 Ne7 15. b5 c5 16. O-O Bh6 17. Ba5 Rdg8 18. Qb1 Kb8 19. Qb3 Ng7 20. Qf7 Rf8 21. Qc4 Ne6 22. Rfb1 Bg5 23. Nf3 Bf4 24. Ne2 h4 25. Be1 h3 26. g3 Bh6 27. a5 Rc8 28. a6 b6 29. c3 Ng5 30. Nxg5 Bxg5 31. cxd4 Qg4 32. Kf1 cxd4 33. Qf7 Rc7 34. Ng1 f5 35. Bb4 Nc8 36. Qxg6 f4 37. f3 Qd7 38. Qxg5 Qxb5 39. Qg4 Qxd3+ 40. Ne2 Rc2 41. Re1 fxg3 42. hxg3 h2 43. Kg2 Rxe2+ 44. Rxe2 Qxe2+ 45. Kh1 Qb2 46. Rf1 Qxb4 47. Qg7 Qe7 48. Qxh8 d3 49. Qxh2 Qd7 50. Kg1 Qd4+ 51. Qf2 1-0


[Site "https://www.chess.com"]

[Event "Titled Tuesday Blitz August 1 Early 2023"]
[White "Onufrienko, Vladislav"]
[Black "Stribuk, Artiom"]
[WhiteFideId "13804332"]
[BlackFideId "13515659"]
[WhiteElo "2555"]
[BlackElo "2747"]
[Result "0-1"]
[Round "4"]
[TimeControl "180+1"]
[Date "2023.08.01"]
[WhiteClock "0:00:28"]
[BlackClock "0:00:58"]
[Board "63"]

1. e4 c5 2. Nc3 Nc6 3. Nf3 d6 4. d4 cxd4 5. Nxd4 Nf6 6. g3 g6 7. Bg2 Nxd4 8. Qxd4 Bg7 9. O-O O-O 10. Qd3 Ng4 11. h3 Ne5 12. Qe2 Be6 13. b3 Rc8 14. Bd2 Qc7 15. f4 Nc4 16. bxc4 Bxc4 17. Nd5 Bxe2 18. Nxc7 Rxc7 19. Be3 Bxf1 20. Rxf1 Rxc2 21. Bxa7 Rxa2 22. Be3 Rc8 23. g4 Rc3 24. Bf2 Rcc2 25. Bf3 Rxf2 26. Rxf2 Bd4 0-1


[Site "https://www.chess.com"]

[Event "Titled Tuesday Blitz August 1 Early 2023"]
[White "Malka, Samuel"]
[Black "Mikhailovsky, Vladimir"]
[WhiteFideId "20643675"]
[BlackFideId "34105414"]
[WhiteElo "2550"]
[BlackElo "2744"]
[Result "0-1"]
[Round "4"]
[TimeControl "180+1"]
[Date "2023.08.01"]
[WhiteClock "0:00:00"]
[BlackClock "0:00:04"]
[Board "64"]

1. d4 d5 2. c4 c6 3. Nf3 Nf6 4. Nc3 dxc4 5. a4 Bf5 6. e3 e6 7. Bxc4 Bb4 8. O-O O-O 9. Qe2 Bg6 10. Ne5 Nbd7 11. Nxg6 hxg6 12. Rd1 Qe7 13. Na2 Bd6 14. f4 Nd5 15. Rf1 Nb4 16. e4 Nxa2 17. Rxa2 c5 18. d5 exd5 19. Bxd5 Nf6 20. Rd1 Rfe8 21. e5 Nxd5 22. Rxd5 Qe6 23. Qc4 Bf8 24. b3 a6 25. a5 b5 26. axb6 Qxb6 27. Rd7 Qe6 28. Rad2 Rab8 29. Qxe6 Rxe6 30. R2d3 Rc6 31. Be3 c4 32. bxc4 Rxc4 33. Kf2 Rb2+ 34. Kf3 Rb8 35. Rd8 Rcc8 36. Rxc8 Rxc8 37. Rd7 Ra8 38. Rd4 a5 39. Ra4 Bb4 40. Ke4 Kf8 41. g4 Ke7 42. f5 gxf5+ 43. gxf5 Kd7 44. f6 gxf6 45. exf6 Kc6 46. Kf5 Kb5 47. Ra1 Rh8 48. Bf4 a4 49. Rb1 Kc4 50. Rc1+ Kd3 51. Rd1+ Kc2 52. Rd4 Kb3 53. Rd3+ Kc4 54. Re3 a3 55. Re4+ Kb5 56. Re5+ Ka4 57. Re4 a2 58. Bd2 a1=Q 59. Rxb4+ Ka3 60. Rb7 Qf1+ 0-1


[Site "https://www.chess.com"]

[Event "Titled Tuesday Blitz August 1 Early 2023"]
[White "Xu, Yi"]
[Black "Gauri, Shankar"]
[WhiteFideId "8605564"]
[BlackFideId "5041350"]
[WhiteElo "2741"]
[BlackElo "2550"]
[Result "1-0"]
[Round "4"]
[TimeControl "180+1"]
[Date "2023.08.01"]
[WhiteClock "0:00:31"]
[BlackClock "0:00:06"]
[Board "65"]

1. d4 Nf6 2. c4 e6 3. Nf3 Bb4+ 4. Bd2 Qe7 5. g3 Nc6 6. Nc3 Bxc3 7. Bxc3 Ne4 8. Rc1 d6 9. Bg2 O-O 10. d5 Nxc3 11. Rxc3 Nb8 12. dxe6 fxe6 13. c5 Nc6 14. O-O d5 15. Nd4 Nxd4 16. Qxd4 c6 17. Re3 Bd7 18. f4 b6 19. b4 a5 20. f5 axb4 21. cxb6 Qf6 22. Qxb4 exf5 23. a4 Rfe8 24. b7 Rab8 25. Rxe8+ Bxe8 26. a5 Qe6 27. a6 Qe3+ 28. Kh1 Qa7 29. Rxf5 Bf7 30. Qe7 Rf8 31. Qc7 g6 32. Rxf7 Rxf7 33. b8=Q+ 1-0


[Site "https://www.chess.com"]

[Event "Titled Tuesday Blitz August 1 Early 2023"]
[White "Remolar Gallen, Jose"]
[Black "Djordjevic, Vuk"]
[WhiteFideId "2215187"]
[BlackFideId "902098"]
[WhiteElo "2549"]
[BlackElo "2740"]
[Result "0-1"]
[Round "4"]
[TimeControl "180+1"]
[Date "2023.08.01"]
[WhiteClock "0:00:13"]
[BlackClock "0:01:00"]
[Board "66"]

1. e4 d5 2. exd5 Qxd5 3. Nc3 Qd6 4. d4 Nf6 5. Nf3 c6 6. Ne5 Nbd7 7. Bf4 Nd5 8. Bg3 Nxe5 9. Nxd5 cxd5 10. Bb5+ Bd7 11. Bxd7+ Qxd7 12. Bxe5 Qb5 13. Qf3 f6 14. Bg3 Qxb2 15. O-O Qxd4 16. Rad1 Qe4 17. Qb3 Rd8 18. Rfe1 Qc4 19. Qxb7 Rd7 20. Qa8+ Kf7 21. c3 Rg8 22. Rd4 Qxc3 23. Red1 e6 24. f4 Bc5 0-1


[Site "https://www.chess.com"]

[Event "Titled Tuesday Blitz August 1 Early 2023"]
[White "Idani, Pouya"]
[Black "Ganiev, Roman"]
[WhiteFideId "12510130"]
[BlackFideId "4131452"]
[WhiteElo "2734"]
[BlackElo "2548"]
[Result "1-0"]
[Round "4"]
[TimeControl "180+1"]
[Date "2023.08.01"]
[WhiteClock "0:00:42"]
[BlackClock "0:00:00"]
[Board "67"]

1. e4 c5 2. Nf3 d6 3. Bb5+ Bd7 4. Bxd7+ Qxd7 5. d4 cxd4 6. Qxd4 Nf6 7. O-O Nc6 8. Qd3 e6 9. c4 Be7 10. Nc3 O-O 11. Bf4 Rfd8 12. Rfd1 a6 13. Rac1 Qc7 14. Nd5 exd5 15. cxd5 Qb6 16. dxc6 bxc6 17. Nd4 Rac8 18. Nf5 Qa7 19. Bxd6 Bxd6 20. Nxd6 Rb8 21. b3 Qe7 22. Nf5 Qf8 23. Qc4 c5 24. e5 Nd7 25. e6 Ne5 26. e7 Rxd1+ 27. Rxd1 Qe8 28. Qxc5 Ng6 29. Qc7 1-0


[Site "https://www.chess.com"]

[Event "Titled Tuesday Blitz August 1 Early 2023"]
[White "Womacka, Mathias"]
[Black "Preotu, Razvan"]
[WhiteFideId "4611390"]
[BlackFideId "2613280"]
[WhiteElo "2546"]
[BlackElo "2732"]
[Result "0-1"]
[Round "4"]
[TimeControl "180+1"]
[Date "2023.08.01"]
[WhiteClock "0:00:00"]
[BlackClock "0:00:15"]
[Board "68"]

1. e4 c5 2. Nf3 d6 3. d4 cxd4 4. Nxd4 Nf6 5. Nc3 a6 6. Be2 e5 7. Nb3 Be7 8. O-O O-O 9. Kh1 Re8 10. f4 b5 11. a4 b4 12. Nd5 Nbd7 13. fxe5 dxe5 14. Bc4 Bb7 15. Bg5 Rc8 16. Bxf6 Nxf6 17. Nxf6+ Bxf6 18. Qe2 Qc7 19. Nd2 Qe7 20. b3 Rf8 21. Rf2 Bg5 22. Nf3 Bh6 23. Nh4 Qxh4 24. Raf1 Bf4 0-1


[Site "https://www.chess.com"]

[Event "Titled Tuesday Blitz August 1 Early 2023"]
[White "Al-Tarboush, Ward"]
[Black "Javakhadze, Zurab"]
[WhiteFideId "7601450"]
[BlackFideId "13603647"]
[WhiteElo "2544"]
[BlackElo "2730"]
[Result "0-1"]
[Round "4"]
[TimeControl "180+1"]
[Date "2023.08.01"]
[WhiteClock "0:00:00"]
[BlackClock "0:00:05"]
[Board "69"]

1. e4 c5 2. Nf3 d6 3. d4 cxd4 4. Nxd4 Nf6 5. Nc3 g6 6. Be2 Bg7 7. O-O Nc6 8. Be3 O-O 9. h3 d5 10. exd5 Nb4 11. d6 Qxd6 12. Ncb5 Qb8 13. c4 a6 14. Nc3 Qc7 15. Rc1 Rd8 16. a3 Nc6 17. Nd5 Nxd5 18. cxd5 Rxd5 19. Bf3 Rd6 20. Qa4 Rb8 21. Nxc6 bxc6 22. Bc5 Rd8 23. b4 Bb7 24. Qb3 Rd7 25. Qe3 Qe5 26. Qb3 Qf4 27. Ba7 Rbd8 28. Bb6 Rd3 29. Qc2 Be5 30. Rfe1 Qh2+ 31. Kf1 Rd2 32. g3 Bxg3 33. Re2 Rxc2 34. Rexc2 Bc7 35. Be3 Qxh3+ 36. Ke2 Qe6 37. Bxc6 Bxc6 38. Rxc6 Qg4+ 39. Ke1 Be5 40. R6c4 Qf3 41. a4 h5 42. b5 axb5 43. axb5 Qd5 44. b6 Qa5+ 45. Kf1 Rb8 46. Rc5 Qa6+ 47. Kg2 Bd6 48. Rc6 f6 49. Kg1 Kf7 50. R6c4 Rxb6 51. Bxb6 Qxb6 52. Rc6 Qb5 53. R6c4 h4 54. Kg2 Qg5+ 55. Kh3 Qf5+ 56. Kg2 g5 57. f3 h3+ 58. Kf2 h2 59. Rg4 Qd5 60. Rh1 Qd2+ 61. Kf1 Bc5 62. Rxh2 Qxh2 0-1


[Site "https://www.chess.com"]

[Event "Titled Tuesday Blitz August 1 Early 2023"]
[White "Jaracz, Pawel"]
[Black "Fonseca Manrique, Enrique"]
[WhiteFideId "1102222"]
[BlackFideId "5114330"]
[WhiteElo "2728"]
[BlackElo "2541"]
[Result "0-1"]
[Round "4"]
[TimeControl "180+1"]
[Date "2023.08.01"]
[WhiteClock "0:00:00"]
[BlackClock "0:01:12"]
[Board "70"]

1. g3 g6 2. Bg2 Bg7 3. d4 c5 4. d5 Nf6 5. e4 d6 6. Nc3 O-O 7. a4 Na6 8. h3 Nc7 9. Nf3 Nd7 10. O-O a6 11. Bf4 Bxc3 12. bxc3 f6 13. g4 Rb8 14. g5 Ne5 15. Nxe5 fxe5 16. Be3 Ne8 0-1


[Site "https://www.chess.com"]

[Event "Titled Tuesday Blitz August 1 Early 2023"]
[White "Suyarov, Mukhammadzokhid"]
[Black "Vlassov, Nikolai"]
[WhiteFideId "14210495"]
[BlackFideId "4103360"]
[WhiteElo "2727"]
[BlackElo "2540"]
[Result "1/2-1/2"]
[Round "4"]
[TimeControl "180+1"]
[Date "2023.08.01"]
[WhiteClock "0:00:18"]
[BlackClock "0:00:16"]
[Board "71"]

1. d4 Nf6 2. Nc3 d5 3. Bf4 e6 4. Nb5 Na6 5. e3 c6 6. Nc3 Bb4 7. Bxa6 bxa6 8. Nf3 Ne4 9. O-O Bxc3 10. bxc3 O-O 11. Ne5 c5 12. Qg4 f6 13. Bh6 Qc7 14. f3 Nxc3 15. f4 fxe5 16. fxe5 Bb7 17. Qxe6+ Kh8 18. Bg5 cxd4 19. exd4 Ne2+ 20. Kh1 Nxd4 21. Qd6 Qxd6 22. exd6 Bc6 23. c3 Nb5 24. Be7 Rxf1+ 25. Rxf1 Bd7 26. Rf3 Rc8 27. h4 Nxc3 28. h5 h6 29. Rf7 Be6 30. Rf3 d4 31. Rd3 Ne2 32. Kh2 Rc4 33. Bh4 Kg8 34. Rd2 Nf4 35. Bg3 Nxh5 36. Be5 Kf7 37. Bxd4 Nf6 38. Bxf6 Kxf6 39. d7 Bxd7 40. Rxd7 Ra4 41. Rd2 Ra3 42. g3 a5 43. Kg2 a4 44. Rb2 Rc3 45. Rd2 a3 46. Kh3 a5 47. Kg4 a4 48. Kf4 Rb3 49. Rd6+ Kf7 50. Rd4 Rb2 51. Rxa4 Rxa2 52. Ra7+ Kg6 53. Ra6+ Kh7 54. g4 Ra1 55. Kg3 a2 56. Kg2 Kg8 57. Ra7 Kf8 58. Kh2 Ke8 59. Kg2 Kd8 60. Kh2 Kc8 61. Kg2 Kb8 62. Ra3 Kc7 63. Kh2 Kd6 64. Ra8 Ke5 65. Ra4 Kf6 66. Ra7 g6 67. Ra5 Ke6 68. Kg2 Kd6 69. Kh2 Kc6 70. Kg2 Kb6 71. Ra8 Kc5 72. Ra6 Kd4 73. Ra8 Ke3 74. Ra4 Re1 75. Ra3+ Kf4 76. Ra4+ Kg5 77. Rxa2 Kxg4 78. Ra6 Kh5 79. Ra5+ g5 80. Ra6 Re3 81. Kf2 Rb3 82. Kg2 Kh4 83. Rxh6+ Kg4 84. Ra6 Rb2+ 85. Kg1 Kh3 86. Ra3+ Kh4 87. Rc3 g4 88. Rd3 Kg5 89. Ra3 Kf4 90. Ra4+ Kf5 91. Ra3 Re2 92. Kf1 Re4 93. Kg2 Kf4 94. Ra2 Rb4 95. Rf2+ Kg5 96. Ra2 Kh4 97. Rc2 Ra4 98. Rd2 Ra3 99. Rb2 Rh3 100. Rb8 Rg3+ 101. Kh2 Rd3 102. Rh8+ Kg5 103. Rg8+ Kf4 104. Rf8+ Ke4 105. Kg2 Rf3 106. Rg8 Kf4 107. Rf8+ Kg5 108. Rg8+ Kf5 109. Rf8+ Kg5 110. Rg8+ Kf5 111. Ra8 Rc3 112. Ra5+ Kf4 113. Ra4+ Kg5 114. Ra2 Kh4 115. Re2 Rg3+ 116. Kh2 Ra3 117. Kg2 Rb3 118. Rd2 Rc3 119. Ra2 Rb3 120. Re2 Rc3 121. Ra2 Rb3 122. Rc2 Ra3 123. Re2 Rb3 124. Rd2 Ra3 125. Rc2 Kg5 126. Rc5+ Kf4 127. Rc2 Re3 128. Rc4+ Re4 129. Rc8 Re2+ 130. Kf1 Re3 131. Kf2 g3+ 132. Kf1 Re5 133. Rf8+ Rf5 134. Rxf5+ Kxf5 135. Kg2 Kg4 136. Kg1 Kf3 137. Kf1 g2+ 138. Kg1 Kg3 1/2-1/2


[Site "https://www.chess.com"]

[Event "Titled Tuesday Blitz August 1 Early 2023"]
[White "Skvortsov, Andrei"]
[Black "Perez, Maximiliano"]
[WhiteFideId "24108600"]
[BlackFideId "117234"]
[WhiteElo "2722"]
[BlackElo "2540"]
[Result "1-0"]
[Round "4"]
[TimeControl "180+1"]
[Date "2023.08.01"]
[WhiteClock "0:01:24"]
[BlackClock "0:00:10"]
[Board "72"]

1. e4 c5 2. d4 cxd4 3. Qxd4 Nc6 4. Qd3 g6 5. Nf3 Bg7 6. Nc3 d6 7. Be2 Nf6 8. O-O O-O 9. Nd5 Be6 10. c3 a6 11. Bg5 Nd7 12. Rad1 Nc5 13. Qe3 Bxd5 14. exd5 Ne5 15. Nd4 Re8 16. f4 Ned7 17. Rde1 Nf6 18. Bf3 Rc8 19. c4 a5 20. Nb5 Qb6 21. b3 e6 22. dxe6 Rxe6 23. Qf2 Rce8 24. Rxe6 Rxe6 25. Bxf6 Bxf6 26. Bd5 Re7 27. g4 Nd7 28. g5 Bg7 29. Kg2 Qxf2+ 30. Kxf2 Nb6 31. Bf3 Rd7 32. Rd1 Bf8 33. Bg4 Rd8 34. Bf3 Rd7 35. h4 a4 36. Nc3 axb3 37. axb3 Bg7 38. Ne4 Bf8 39. Nf6+ 1-0


[Site "https://www.chess.com"]

[Event "Titled Tuesday Blitz August 1 Early 2023"]
[White "Dimitrov, Atanas"]
[Black "Mekhane, Adam"]
[WhiteFideId "2901315"]
[BlackFideId "36050601"]
[WhiteElo "2719"]
[BlackElo "2537"]
[Result "1-0"]
[Round "4"]
[TimeControl "180+1"]
[Date "2023.08.01"]
[WhiteClock "0:00:10"]
[BlackClock "0:00:00"]
[Board "73"]

1. Nf3 Nf6 2. c4 g6 3. g3 Bg7 4. Bg2 O-O 5. O-O c6 6. Nc3 d5 7. cxd5 cxd5 8. b3 Nc6 9. d4 Ne4 10. Bb2 Bf5 11. Rc1 Nxc3 12. Bxc3 Be4 13. Qd2 Qd7 14. Qb2 Rfc8 15. e3 Bxf3 16. Bxf3 e6 17. Be2 Ne7 18. Bb4 Nf5 19. a4 Bf8 20. Bb5 Qd8 21. Bd2 h5 22. Bd3 Nd6 23. Rxc8 Rxc8 24. Rc1 h4 25. Kg2 Be7 26. Rc2 Kg7 27. f3 hxg3 28. hxg3 Rxc2 29. Qxc2 Qc8 30. Qb2 a6 31. e4 Qc6 32. Bb4 Nf5 33. Bd2 Nd6 34. e5 Nf5 35. b4 b5 36. axb5 axb5 37. g4 Nh6 38. Qa2 Ng8 39. Qa5 Bf8 40. Qxb5 Qa8 41. Qa6 Qb8 42. b5 Ne7 43. b6 Nc6 44. b7 Nxd4 45. Qa8 Qxe5 46. b8=Q 1-0


[Site "https://www.chess.com"]

[Event "Titled Tuesday Blitz August 1 Early 2023"]
[White "Fiorito, Francisco"]
[Black "Fiorito, Joaquin"]
[WhiteFideId "180165"]
[BlackFideId "180173"]
[WhiteElo "2535"]
[BlackElo "2718"]
[Result "0-1"]
[Round "4"]
[TimeControl "180+1"]
[Date "2023.08.01"]
[WhiteClock "0:00:00"]
[BlackClock "0:00:06"]
[Board "74"]

1. e4 c5 2. Nf3 d6 3. Nc3 a6 4. a4 Nf6 5. g3 g6 6. Bg2 Bg7 7. O-O O-O 8. d3 Nc6 9. Re1 Rb8 10. h3 Nd7 11. Nd5 e6 12. Ne3 b5 13. axb5 axb5 14. c3 b4 15. Bd2 Qc7 16. Nc4 Nde5 17. Nfxe5 Nxe5 18. Nxe5 Bxe5 19. Bh6 Rd8 20. d4 Bh8 21. Qd2 Qb6 22. Red1 Bb7 23. h4 cxd4 24. cxd4 Rbc8 25. h5 Rc4 26. Be3 Rdc8 27. b3 Rc3 28. Rab1 Qb5 29. h6 Rc2 30. Qe1 R8c3 31. Rd2 Rxd2 32. Bxd2 Bxd4 33. Bxc3 bxc3 34. Bf1 Qc5 35. b4 Qb6 36. Bd3 Kf8 37. b5 Ke7 38. Qe2 Qc5 39. Kg2 Qg5 40. Rh1 f5 41. f3 Be5 42. Qf2 fxe4 43. Bxe4 d5 44. Bd3 d4 45. Re1 Bd6 46. Be4 Bxe4 47. Rxe4 d3 48. Re3 d2 49. Rd3 Qxg3+ 50. Qxg3 Bxg3 51. b6 c2 52. Kxg3 c1=Q 53. b7 Qc7+ 54. Kg2 Qxb7 55. Rxd2 Kf6 56. Rd4 Qb2+ 0-1


[Site "https://www.chess.com"]

[Event "Titled Tuesday Blitz August 1 Early 2023"]
[White "Zhao, Jun"]
[Black "Wartiovaara, Oliver"]
[WhiteFideId "8602522"]
[BlackFideId "513024"]
[WhiteElo "2717"]
[BlackElo "2535"]
[Result "1-0"]
[Round "4"]
[TimeControl "180+1"]
[Date "2023.08.01"]
[WhiteClock "0:01:06"]
[BlackClock "0:00:08"]
[Board "75"]

1. e4 Nc6 2. Nf3 d5 3. exd5 Qxd5 4. Nc3 Qh5 5. Be2 Bg4 6. O-O O-O-O 7. h3 Bxf3 8. Bxf3 Qg6 9. b4 Nd4 10. Be4 f5 11. Bd3 e5 12. Ne2 Nf3+ 13. Kh1 Nh4 14. Rg1 Bxb4 15. Rb1 Bc5 16. Qe1 e4 17. Bc4 Ne7 18. d4 exd3 19. Nf4 d2 20. Bxd2 Qd6 21. Nd3 Bb6 22. Bf4 Qc6 23. Qxe7 Qxc4 24. Qxh4 Qc3 25. Be5 Qxc2 26. Rgc1 Qxd3 27. Rxb6 axb6 28. Rxc7+ Kb8 29. Rd7+ 1-0


[Site "https://www.chess.com"]

[Event "Titled Tuesday Blitz August 1 Early 2023"]
[White "Papasimakopoulos, Alexandros"]
[Black "Palczert, Matyas"]
[WhiteFideId "4244125"]
[BlackFideId "784958"]
[WhiteElo "2716"]
[BlackElo "2535"]
[Result "1-0"]
[Round "4"]
[TimeControl "180+1"]
[Date "2023.08.01"]
[WhiteClock "0:00:44"]
[BlackClock "0:00:01"]
[Board "76"]

1. d4 Nf6 2. c4 e6 3. Nc3 c5 4. d5 exd5 5. cxd5 d6 6. Nf3 g6 7. Bf4 a6 8. a4 Bg7 9. h3 O-O 10. e3 Re8 11. Nd2 Qe7 12. Be2 Rd8 13. Nc4 Bf5 14. g4 Bc8 15. f3 Qc7 16. a5 Ne8 17. O-O Nd7 18. e4 Ne5 19. Nxe5 dxe5 20. Be3 Nd6 21. Na4 Qxa5 22. Bxc5 Rd7 23. b4 Qd8 24. Nb6 Rb8 25. Nxd7 Qxd7 26. Rc1 b6 27. Be3 Bb7 28. Qc2 Rc8 29. Qa2 Rb8 30. Bxa6 Ra8 31. b5 Nxb5 32. Bxb5 Qxb5 33. Qb1 Qe2 34. Rce1 Qc4 35. Qxb6 Ba6 36. Ra1 Qe2 37. Rf2 Qd3 38. Rfa2 Bf8 39. Rxa6 Rb8 40. R6a3 Qxa3 41. Rxa3 Rxb6 42. Ra8 Rb5 43. Bh6 1-0


[Site "https://www.chess.com"]

[Event "Titled Tuesday Blitz August 1 Early 2023"]
[White "Ismagilov, Damir"]
[Black "Klukin, Kirill"]
[WhiteFideId "34199982"]
[BlackFideId "24199273"]
[WhiteElo "2534"]
[BlackElo "2714"]
[Result "1/2-1/2"]
[Round "4"]
[TimeControl "180+1"]
[Date "2023.08.01"]
[WhiteClock "0:00:08"]
[BlackClock "0:00:09"]
[Board "77"]

1. c4 c5 2. Nc3 g6 3. Nf3 Bg7 4. g3 Nc6 5. Bg2 a6 6. O-O Rb8 7. a4 Nf6 8. d4 cxd4 9. Nxd4 O-O 10. Nb3 d6 11. Bf4 Be6 12. Nd5 Nh5 13. Bc1 Ne5 14. Nd2 Rc8 15. Qb3 Nd7 16. Rb1 Nc5 17. Qa3 b5 18. axb5 axb5 19. cxb5 Nf6 20. Nxf6+ Bxf6 21. b4 Nd7 22. Bb2 Bxb2 23. Qxb2 Qb6 24. Ne4 Qxb5 25. h4 Bf5 26. Rbc1 Ne5 27. Nc3 Qd7 28. Nd5 Rb8 29. Rc7 Qd8 30. Rxe7 Be6 31. Ra7 Bxd5 32. Bxd5 Qb6 33. Rfa1 Qxb4 34. Qxb4 Rxb4 35. f4 Ng4 36. Re7 Nf6 37. Bf3 Rbb8 38. Raa7 Rbe8 39. Rec7 h5 40. Kf2 Kg7 41. Ra6 Re6 42. Rcc6 Rd8 43. Ra7 Rde8 44. Rcc7 Rf8 45. Re7 Rxe7 46. Rxe7 Rd8 47. e4 Kf8 48. Ra7 Re8 49. Ke3 Nxe4 50. Bxe4 d5 51. Ra4 f5 52. Ra6 Rxe4+ 53. Kf3 Kf7 54. Rd6 d4 55. Rd7+ Ke6 56. Rd8 Kf6 57. Rd6+ Kf7 58. Rd7+ Ke8 59. Rd6 Kf7 1/2-1/2


[Site "https://www.chess.com"]